 Dungeon Crawl Stone Soup version 0.31.0-1-g2c135a008e (webtiles) character file.

Game seed: 5953159748437412882

36 qw the Shooter (level 3, 0/29 HPs)
             Began as a Djinni Hunter on Jan 23, 2024.
             Slain by a gnoll
             ... wielding a +0 halberd
              (5 damage)
             ... on level 2 of the Dungeon.
             The game lasted 00:00:03 (1012 turns).

qw the Shooter (Djinni Hunter)                      Turns: 1012, Time: 00:00:03

Health: 0/29       AC:  3    Str: 10    XL:     3   Next: 57%
Gold:   58         EV: 12    Int: 10    God:
                   SH:  0    Dex: 18

rFire   + + .        a - +0 shortbow (flame)
rCold   x . .        (shield currently unavailable)
rNeg    . . .        c - +0 leather armour
rPois   inf          (helmet restricted)
rElec   .            (no cloak)
rCorr   .            (no gloves)
SInv    .            (boots unavailable)
Will    .....        (no amulet)
Stlth   ++           (no ring)
HPRegen 0.24/turn    (no ring)
MPRegen 0.00/turn

%: infuse magic (-1 HP)
@: flying
A: sickness immunity, fire resistance 2, cold vulnerability 1, float, innate
caster, HP casting, extra vitality 1, antennae 1, evolution 1
a: no special abilities


You were on level 2 of the Dungeon.
You visited 1 branch of the dungeon, and saw 2 of its levels.

You collected 58 gold pieces.


Innate Abilities, Weirdness & Mutations

You are immune to sickness and miasma.
You are immune to poison.
Your flesh is very heat resistant. (rF++)
You are vulnerable to cold. (rC-)
You float through the air rather than walking.
You learn spells naturally, not from books.
Your magical power is your life essence.
You have superior vitality. (+4 MHP)
You have a pair of small antennae on your head.
You have hidden genetic potential.


   Skills:
 + Level 2.5 Fighting
 - Level 4.0 Ranged Weapons
 - Level 2.1 Dodging
 - Level 0.7 Stealth


You knew the following spells:

 Your Spells              Type           Power      Damage    Failure   Level
a - Summon Small Mammal   Summ           0%         N/A       45%         1
Your spell library was empty.

Inventory:

Hand Weapons
 a - a +0 shortbow of flaming (weapon)
Armour
 c - a +0 leather armour (worn)
 g - a +2 ring mail of willpower
Wands
 b - a wand of acid (4)
Scrolls
 e - a scroll of teleportation
 f - a scroll of identify
 i - a scroll of poison {unknown}
Potions
 d - a potion of cancellation {unknown}
 h - a potion of heal wounds {unknown}
 j - a potion of degeneration {unknown}

Dungeon Overview and Level Annotations

Branches:
Dungeon (2/15)

Altars:


Message History

A gnoll comes into view. It is wielding a +0 halberd.
Enter note:
Enter note:
1004 ||| RETREEEEATING.
The giant cockroach bites you.
Enter note:
1005 ||| RETREEEEATING.
Enter note:
1006 ||| RETREEEEATING.
The giant cockroach attacks as it pursues you!
The giant cockroach bites you.
You shoot an arrow.
The arrow hits the giant cockroach but does no damage.
The giant cockroach bites you.
The giant cockroach bites you but does no damage.
You shoot an arrow. The arrow hits the giant cockroach.
The arrow burns the giant cockroach.
The giant cockroach is severely wounded.
The giant cockroach barely misses you.
You shoot an arrow.
The arrow closely misses the giant cockroach.
The arrow hits the gnoll.
The arrow burns the gnoll.
The gnoll is moderately wounded.
The giant cockroach bites you but does no damage.
The giant cockroach barely misses you.
You shoot an arrow. The arrow hits the giant cockroach.
The arrow burns the giant cockroach.
You kill the giant cockroach!
You shoot an arrow. The arrow barely misses the gnoll.
The arrow hits the gnoll.
The arrow burns the gnoll.
The gnoll is moderately wounded.
The gnoll barely misses you. The gnoll hits you with a +0 flail.
You shoot an arrow. The arrow hits the gnoll.
The arrow burns the gnoll.
The gnoll is heavily wounded.
A gnoll comes into view. It is wielding a +0 spear.
The gnoll hits you from afar with a +0 halberd!
Ouch! That really hurt!
The gnoll hits you with a +0 flail. The gnoll closely misses you.
The gnoll hits you from afar with a +0 halberd.
You die...

... ##.###
#). #<.# .g.
#.## #.# #.#
#)# #.#
#g######...#
#.#.......##
####g..# ..
#.@gg..## #.
#.###...# #.
###.#### #.
#....## #.
####..## # ..
##..#.#### ##
##.#...>.
#####........
#......######


You could see 3 gnolls.

Vanquished Creatures
  A gnoll (D:2)
  3 endoplasms
  3 giant cockroaches
  4 goblins
  3 hobgoblins
  2 jackals (D:1)
  A kobold (D:1)
  2 ball pythons (D:1)
  A bat (D:1)
  A frilled lizard (D:1)
  2 rats
23 creatures vanquished.

Notes
Turn   | Place    | Note
-------+----------+-------------------------------------------
     0 | D:1      | qw the Djinni Hunter began the quest for the Orb.
     0 | D:1      | Reached XP level 1. HP: 18/18 MP: 0/0
     0 | D:1      | 0 ||| qw: Version: 0.3-a-134-g2ba4250
     0 | D:1      | 0 ||| qw: Game counter: 762
     0 | D:1      | 0 ||| qw: Melee chars always use a shield: true
     0 | D:1      | 0 ||| qw: God list: Okawaru
     0 | D:1      | 0 ||| qw: Allow faded altars: false
     0 | D:1      | 0 ||| qw: Do Orc after clearing Dungeon:15 true
     0 | D:1      | 0 ||| qw: Do second Lair branch before Depths: true
     0 | D:1      | 0 ||| qw: Lair rune preference: random
     0 | D:1      | 0 ||| qw: Goals: Normal
     0 | D:1      | 0 ||| PLANNING D:1-11
   252 | D:1      | Reached XP level 2. HP: 23/23 MP: 0/0
   790 | D:1      | Reached XP level 3. HP: 28/28 MP: 0/0
   790 | D:1      | Learned a level 1 spell: Summon Small Mammal
   876 | D:1      | 876 ||| READING scroll labelled AGYSHR HOERIDGH.
   877 | D:1      | 877 ||| READING 2 scrolls labelled XELEFI BAEHETI.
   881 | D:1      | 881 ||| READING 4 scrolls labelled ZUOKHU MIFOTS.
   881 | D:1      | 881 ||| IDENTIFYING fuming pink potion
   882 | D:1      | 882 ||| DRINKING potion of mutation.
   882 | D:1      | Gained mutation: You have a pair of small antennae on your
                  | head. [potion of mutation]
   882 | D:1      | Gained mutation: You have hidden genetic potential. [potion
                  | of mutation]
   883 | D:1      | 883 ||| READING 3 scrolls of identify.
   883 | D:1      | 883 ||| IDENTIFYING scroll labelled OLEOZE HAOKHOGY
   884 | D:1      | 884 ||| READING scroll of brand weapon.
   884 | D:1      | 884 ||| BRANDING +0 shortbow.
   885 | D:1      | 885 ||| READING 2 scrolls of identify.
   885 | D:1      | 885 ||| IDENTIFYING scroll labelled PEC OGOZIOFRA
   886 | D:1      | 886 ||| DROPPING scroll of butterflies.
   887 | D:1      | 887 ||| DROPPING scroll of noise.
   907 | D:2      | Found a faded altar of an unknown god.
   912 | D:2      | Reached skill level 4 in Ranged Weapons
  1004 | D:2      | 1004 ||| RETREEEEATING.
  1005 | D:2      | 1005 ||| RETREEEEATING.
  1006 | D:2      | 1006 ||| RETREEEEATING.
  1012 | D:2      | HP: 7/29 [gnoll/+0 halberd (17)]
  1012 | D:2      | Slain by a gnoll

Levels and vault maps discovered:
D:1:      dpeg_arrival_pits, layout_loops_corners, eino_curves_03
D:2:      layout_rooms, serial_shops, nicolae_diamond_shop,
          hellmonk_ecumenical_altar_lost_god

Skill      XL: |  1  2  3 |
---------------+----------+-----
Ranged Weapons | 4 |  4.0
Fighting       | |  2.5
Dodging        | |  2.1
Stealth        | |  0.7

Action                     || total
---------------------------++-------
   Fire: Shortbow          ||    67
    Use: Scroll            ||     6
         Potion            ||     1
 Armour: Leather armour    ||    21
  Dodge: Dodged            ||    16

Table legend:
 A = Non-vault XP
 B = Vault XP
 C = Vault XP percentage of total XP
 D = Non-vault monster count
 E = Vault monster count
 F = Vault count percentage of total count
                 A         B        C        D         E       F
            +---------+---------+-------+---------+---------+-------
      Total |      52 |       0 |   0.0 |      23 |       0 |   0.0
            +---------+---------+-------+---------+---------+-------
        D:1 |      29 |       0 |   0.0 |      17 |       0 |   0.0
        D:2 |      23 |       0 |   0.0 |       6 |       0 |   0.0
            +---------+---------+-------+---------+---------+-------
